 Dungeon Crawl Stone Soup version 0.20.1-1-g8b1a95d (webtiles) character file.

77112 Doughies the Martial Artist (level 15, -1/117 HPs)
             Began as a Merfolk Transmuter on Jan 6, 2018.
             Was a Priest of Ru.
             Killed from afar by a starcursed mass (6 damage)
             ... with an accursed screaming
             ... on level 1 of the Abyss.
             The game lasted 02:00:27 (26981 turns).

Doughies the Martial Artist (Merfolk Transmuter)   Turns: 26981, Time: 02:00:28

Health: -1/117     AC: 13    Str: 21      XL:     15   Next: 55%
Magic:  29/29      EV: 22    Int: 14      God:    Ru [***...]
Gold:   410        SH:  0    Dex: 16 (17) Spells: 6/34 levels left

rFire    . . .     SeeInvis +     - Unarmed
rCold    + + .     Gourm    .   (no shield)
rNeg     + . .     Faith    .   Q - +0 steam dragon scales
rPois    .         Spirit   .   w - +0 helmet
rElec    .         Reflect  .   I - +0 cloak
rCorr    .         Harm     .   E - +4 pair of gloves of the Unstoppable Songs {rC++ Str+5}
MR       +....                  n - +0 pair of boots
Stlth    ..........             o - amulet of rage
Regen    0.0/turn               C - ring of positive energy
MPRegen  0.3/turn               a - ring "Umaomiggec" {Wiz Str+3 SInv Stlth-}

@: non-regenerating, diseased, hasted, very quick
A: change form in water, swift swim, stealthy swim, inhibited regeneration, no
stealth, hated by all
a: Draw Out Power, Renounce Religion, Evoke Berserk Rage


You were on level 1 of the Abyss.
You worshipped Ru.
Ru was most pleased with you.
You were not hungry.

You visited 4 branches of the dungeon, and saw 23 of its levels.
You visited the Abyss 1 time.
You visited 1 bazaar.
You also visited: Ossuary.

You collected 2364 gold pieces.
You spent 1954 gold pieces at shops.

Inventory:

Missiles
 D - 110 arrows
Armour
 n - a +0 pair of boots (worn)
 w - a +0 helmet (worn)
 E - the +4 pair of gloves of the Unstoppable Songs (worn) {rC++ Str+5}
   (You bought it in a shop on level 2 of the Orcish Mines)

   It affects your strength (+5).
   It greatly protects you from cold.
 I - a +0 cloak (worn)
 Q - +0 steam dragon scales (worn)
Jewellery
 a - the ring "Umaomiggec" (right hand) {Wiz Str+3 SInv Stlth-}
   (You found it on level 6 of the Lair of Beasts)

   [ring of wizardry]

   It improves your spell success rate.
   It affects your strength (+3).
   It lets you see invisible.
   It makes you less stealthy.
 l - a +4 ring of strength
 o - an amulet of rage (around neck)
 C - a ring of positive energy (left hand)
 F - an uncursed ring of protection from fire
 S - an uncursed ring of fire
Wands
 b - a wand of flame (13/48)
 c - a wand of polymorph (16/24)
 t - a wand of polymorph (14/24)
 y - a wand of scattershot (7/9)
 A - a wand of confusion (26/48)
 K - a wand of iceblast (4/15)
 R - a wand of iceblast (9/15)
 T - a wand of acid (6/15)
 U - a wand of clouds (2/9)
 W - a wand of paralysis (19/24)
 Y - a wand of digging (10/24)
Scrolls
 f - 3 scrolls of teleportation
 h - 16 scrolls of remove curse
 i - 9 scrolls of recharging
 u - 4 scrolls of enchant weapon
 v - 4 scrolls of blinking
 z - 3 scrolls of fear
 B - 2 scrolls of fog
 J - 3 scrolls of amnesia
 N - 2 scrolls of silence
 O - 4 scrolls of enchant armour
 V - a scroll of identify
Potions
 e - 4 potions of magic
 j - 3 potions of resistance
 k - 5 potions of might
 m - 9 potions of curing
 p - 5 potions of berserk rage
 q - 3 potions of heal wounds
 s - 4 potions of brilliance
 G - a potion of invisibility
 H - 4 potions of agility
 L - 5 potions of haste
 P - a potion of ambrosia
Books
 M - a book of Battle

   Spells                             Type                      Level
   a - Infusion                       Charms                       1
   b - Shroud of Golubria             Charms/Translocation         2
   c - Song of Slaying                Charms                       2
   d - Spectral Weapon                Hexes/Charms                 3
   e - Regeneration                   Charms/Necromancy            3
 X - a book of Transfigurations

   Spells                             Type                      Level
   a - Irradiate                      Conjuration/Transmutation    5
   b - Statue Form                    Transmutation/Earth          6
   c - Hydra Form                     Transmutation                6
   d - Dragon Form                    Transmutation                7
Comestibles
 d - 10 bread rations
 g - 12 meat rations
 r - 18 royal jellies
 x - 27 fruits


   Skills:
 - Level 10.4 Fighting
 - Level 13.0 Dodging
 - Level 14.7 Unarmed Combat
 * Level 10.2 Spellcasting
 + Level 6.2 Charms
 - Level 12.3 Transmutations
 - Level 5.0 Ice Magic
 * Level 5.4 Earth Magic
 - Level 2.1 Poison Magic
 + Level 8.8 Evocations


You had 6 spell levels left.
You knew the following spells:

 Your Spells              Type           Power        Failure   Level  Hunger
a - Beastly Appendage     Tmut           #####.       1%          1    None
b - Spider Form           Tmut/Pois      ####......   1%          3    #......
c - Ice Form              Ice/Tmut       ####....     1%          4    ###....
d - Blade Hands           Tmut           #####.....   1%          5    #####..
e - Ozocubu's Armour      Chrm/Ice       ###.....     1%          3    #......
f - Hydra Form            Tmut           #####.....   4%          6    ######.
g - Statue Form           Tmut/Erth      ####.....    16%         6    ######.


Dungeon Overview and Level Annotations

Branches:
Dungeon (14/15)            Temple (1/1) D:6            Lair (6/6) D:9
 Shoals (0/4) Lair:4       Spider (0/4) Lair:3        Slime (0/5) Lair:6
    Orc (2/2) D:11            Elf (0/3) Orc:2        Vaults (0/5) D:14

Altars:
Ashenzari
Cheibriados
Dithmenos
Fedhas
Kikubaaqudgha
Qazlal
Ru
Trog
Beogh
Jiyva

Shops:
Orc:1 %   Orc:2 ?*!:

Annotations:
D:14 Sonja
Lair:3 exclusion: oklob plant


Innate Abilities, Weirdness & Mutations

You revert to your normal form in water.
You are very nimble and swift while swimming.
You are very stealthy in the water. (Stealth+)
You do not regenerate when monsters are visible.
You cannot be stealthy.
You are hated by all.


Message History

The living lightning hits you!
* * * LOW HITPOINT WARNING * * *
The raiju blinks!
You focus your will and illuminate the raiju in retribution!
You punch the raiju!
The raiju is moderately wounded.
The raiju begins to attack, but is stunned by your will!
Found a centaur barding.
Press: ? - help, v - describe, . - travel The floor.
An ufetubus comes into view.
The ufetubus shouts!
The starcursed mass shrieks in your mind.
* * * LOW HITPOINT WARNING * * *
A starcursed mass splits.
A starcursed mass splits.
A lurking horror comes into view.
The lurking horror moves out of view.
The starcursed mass shrieks in your mind.
You die...

#.[##.##.#X#....#.##
#.......#.# ..#..#
....#.X####..# #.
####..#..# ...#
#.5..5.## #.##
#..###..## #. ..#.
#.#..# .# #.. #
##.#.# . .# #...@#
#..#.#.....# #....
##..... ....## .#.#
..#.. # .... ###.


You could see a starcursed mass and an ufetubus.

Vanquished Creatures
  A stone giant (Orc:2)
  A dire elephant (Lair:6)
  Snorg (Orc:1)
  A fire dragon (D:14)
  Erolcha (D:11)
  6 hydras
  A merfolk avatar (Lair:6)
  2 catoblepae
  3 two-headed ogres
  Erica (Lair:2)
  Urug (Lair:5)
  3 orc high priests (Orc:2)
  A death yak (Lair:4)
  A thrashing horror (Abyss:1)
  Nergalle (Lair:3)
  4 skeletal warriors (D:12)
  A sixfirhy (Abyss:1)
  2 unseen horrors
  Pikel (D:5)
  4 orc knights (Orc:2)
  2 cyclopes
  3 ugly things
  6 orc sorcerers
  A manticore (D:12)
  12 elephants
  A black mamba (Lair:2)
  2 torpor snails
  A smoke demon (Abyss:1)
  14 spiny frogs
  A gargoyle (D:11)
  3 rime drakes
  6 komodo dragons
  A tengu conjurer (D:10)
  4 polar bears
  5 trolls
  Prince Ribbit (D:7)
  Grinder (D:5)
  3 hornets
  14 hippogriffs
  A blink frog (Lair:2)
  4 dream sheep
  A slime creature (D:13)
  2 shadows
  A vampire (D:13)
  4 wyverns
  A wraith (D:13)
  2 steam dragons (D:8)
  86 yaks
  A hungry ghost (D:11)
  Grum (D:8)
  5 basilisks
  2 vampire mosquitoes (D:13)
  A large abomination (Abyss:1)
  Menkaure (D:5)
  2 wargs (Orc:2)
  An acid dragon (D:13)
  4 porcupines
  2 hell hounds (Lair:5)
  22 water moccasins
  2 ice beasts
  3 black bears
  24 orc warriors
  A sky beast (D:11)
  2 necrophages
  4 phantoms
  10 ogres
  18 wolves
  10 centaurs
  9 crocodiles
  A big kobold (D:11)
  17 bullfrogs
  3 water moccasin zombies (Ossuary)
  2 gnoll sergeants
  2 small abominations (Abyss:1)
  2 scorpions
  2 water moccasin skeletons (D:9)
  18 killer bees
  4 wights (D:12)
  An electric eel (D:8)
  A howler monkey (D:13)
  3 bullfrog zombies
  9 crimson imps
  A quasit (D:14)
  2 centaur zombies
  2 hounds
  3 jellies (D:8)
  23 orc wizards
  2 bullfrog skeletons
  A gnoll shaman (D:5)
  11 orc priests
  An iron imp (D:6)
  9 worker ants
  9 iguanas
  2 big kobold zombies (Ossuary)
  A hound zombie (D:5)
  2 mummies (Ossuary)
  A worker ant zombie (D:7)
  18 gnolls
  16 adders
  5 shadow imps
  5 oozes (D:8)
  8 adder zombies (Ossuary)
  2 adder skeletons
  2 worms (D:2)
  A dart slug (D:2)
  2 leopard geckos
  69 orcs
  10 giant cockroaches
  6 goblins
  8 hobgoblins
  11 jackals
  12 kobolds
  5 quokkas
  A ball python (D:3)
  4 bats
  5 frilled lizards
  4 gnoll zombies (Ossuary)
  5 hobgoblin zombies (Ossuary)
  A jackal zombie (D:8)
  5 kobold zombies (Ossuary)
  7 orc zombies (Ossuary)
  A quokka zombie (D:5)
  4 rats
  2 rat zombies (D:6)
  2 fungi
701 creatures vanquished.

Vanquished Creatures (others)
  A basilisk (Orc:2)
  An orc wizard (D:5)
  A worker ant (D:5)
  3 orcs (D:5)
  28 fungi
  28 plants
  6 starspawn tentacles (Abyss:1)
68 creatures vanquished.

Grand Total: 769 creatures vanquished

Notes
Turn   | Place    | Note
-------+----------+-------------------------------------------
     0 | D:1      | Doughies the Merfolk Transmuter began the quest for the Orb.
     0 | D:1      | Reached XP level 1. HP: 15/15 MP: 3/3
   388 | D:1      | Reached XP level 2. HP: 18/21 MP: 3/5
  1131 | D:2      | Reached XP level 3. HP: 13/26 MP: 4/6
  1165 | D:1      | HP: 1/26 [adder (1)]
  1473 | D:1      | Learned a level 3 spell: Spider Form
  1795 | D:2      | Reached XP level 4. HP: 27/32 MP: 0/7
  2045 | D:2      | Reached skill level 1 in Poison Magic
  2552 | D:3      | Reached XP level 5. HP: 24/37 MP: 6/9
  2560 | D:3      | Learned a level 4 spell: Ice Form
  2707 | D:3      | Reached skill level 1 in Ice Magic
  3474 | D:4      | Reached XP level 6. HP: 42/43 MP: 7/11
  3879 | D:4      | Noticed a phantom
  3907 | D:4      | Killed a phantom
  3907 | D:4      | Reached skill level 5 in Transmutations
  4284 | D:5      | Entered Level 5 of the Dungeon
  4509 | D:5      | Reached XP level 7. HP: 31/48 MP: 8/13
  4644 | D:5      | Noticed Pikel
  4676 | D:5      | Killed Pikel
  4676 | D:5      | Reached skill level 5 in Spellcasting
  4676 | D:5      | Reached XP level 8. HP: 26/54 MP: 12/15
  4677 | D:5      | Reached skill level 5 in Ice Magic
  4844 | D:5      | Reached skill level 4 in Unarmed Combat
  5108 | D:5      | Noticed Menkaure
  5297 | D:5      | Killed Menkaure
  5297 | D:5      | Reached skill level 5 in Unarmed Combat
  5553 | D:5      | Noticed Grinder
  5578 | D:5      | Killed Grinder
  5793 | D:6      | Found a sand-covered staircase.
  5807 | Ossuary  | Entered an ossuary
  5840 | Ossuary  | Reached skill level 6 in Unarmed Combat
  5840 | Ossuary  | Reached XP level 9. HP: 64/64 MP: 13/16
  6070 | Ossuary  | Reached skill level 5 in Dodging
  6174 | D:6      | Learned a level 5 spell: Blade Hands
  6245 | D:6      | Reached skill level 7 in Unarmed Combat
  6385 | D:6      | Found a snail-covered altar of Cheibriados.
  6511 | D:6      | Found a staircase to the Ecumenical Temple.
  6520 | Temple   | Entered the Ecumenical Temple
  6576 | Temple   | Became a worshipper of Ru the Awakened
  6830 | D:7      | Noticed Prince Ribbit
  6836 | D:7      | Killed Prince Ribbit
  6836 | D:7      | Reached skill level 5 in Fighting
  6836 | D:7      | Reached skill level 8 in Unarmed Combat
  7357 | D:8      | Noticed a hornet
  7365 | D:8      | Killed a hornet
  7365 | D:8      | Reached skill level 9 in Unarmed Combat
  7365 | D:8      | Reached XP level 10. HP: 74/74 MP: 17/17
  7613 | D:8      | Noticed Grum
  7629 | D:8      | Killed Grum
  7995 | D:8      | Reached skill level 10 in Unarmed Combat
  8595 | D:9      | Paralysed by a hornet for 2 turns
  8945 | D:9      | Noticed a two-headed ogre
  8966 | D:9      | Killed a two-headed ogre
  9207 | D:9      | Reached XP level 11. HP: 84/84 MP: 14/19
  9351 | D:9      | Reached skill level 11 in Unarmed Combat
  9393 | D:9      | Found a staircase to the Lair.
  9698 | Lair:1   | Entered Level 1 of the Lair of Beasts
  9815 | Lair:1   | Reached skill level 1 in Evocations
 10369 | Lair:2   | Noticed Erica
 10802 | Lair:2   | Killed Erica
 11278 | Lair:2   | Reached skill level 10 in Dodging
 11541 | Lair:2   | Reached skill level 12 in Unarmed Combat
 11582 | Lair:2   | Reached XP level 12. HP: 92/92 MP: 16/22
 11727 | Lair:3   | Noticed Nergalle
 11835 | Lair:3   | Killed Nergalle
 12128 | Lair:3   | Gained mutation: You are hated by all. [Ru sacrifice]
 12128 | Lair:3   | Reached * piety under Ru
 12190 | Lair:3   | Found a bloodstained altar of Trog.
 12432 | Lair:3   | Found a hole to the Spider Nest.
 12515 | Lair:3   | Reached skill level 10 in Transmutations
 12709 | Lair:4   | Noticed a seven-headed hydra
 12780 | Lair:4   | Noticed a death yak
 12783 | Lair:4   | Noticed a catoblepas
 12796 | Lair:4   | Killed a death yak
 12799 | Lair:4   | Killed a catoblepas
 12850 | Lair:4   | Noticed an eight-headed hydra
 13496 | Lair:4   | Killed a seven-headed hydra
 13543 | Lair:4   | Reached skill level 13 in Unarmed Combat
 13699 | Lair:4   | Killed an eight-headed hydra
 13960 | Lair:4   | Reached XP level 13. HP: 101/101 MP: 21/24
 14196 | Lair:4   | Found a staircase to the Shoals.
 14300 | Lair:4   | Reached skill level 5 in Evocations
 14681 | Lair:5   | Gained mutation: You do not regenerate when monsters are visible. [Ru sacrifice]
 14681 | Lair:5   | Reached ** piety under Ru
 14778 | Lair:5   | Found a stormy altar of Qazlal.
 14979 | Lair:5   | Found a dark tunnel.
 15101 | Lair:5   | Noticed Urug
 15116 | Lair:5   | Killed Urug
 16167 | Lair:6   | Entered Level 6 of the Lair of Beasts
 16217 | Lair:6   | Found a labyrinth entrance.
 16343 | Lair:6   | Found a viscous altar of Jiyva.
 16343 | Lair:6   | Found a staircase to the Slime Pits.
 16526 | Lair:6   | Reached skill level 10 in Fighting
 16554 | Lair:6   | Reached skill level 14 in Unarmed Combat
 16674 | Lair:6   | Noticed a dire elephant
 17738 | Lair:5   | Reached XP level 14. HP: 95/110 MP: 22/26
 18030 | Lair:6   | Learned a level 3 spell: Ozocubu's Armour
 18157 | Lair:6   | Reached skill level 1 in Charms
 18555 | Lair:6   | Identified the Incunabulum of Battle Magic and Toxins
 18585 | Lair:6   | Learned a level 6 spell: Hydra Form
 18663 | Lair:6   | Killed a dire elephant
 18679 | Lair:6   | Got a translucent platinum ring
 18681 | Lair:6   | Identified the ring "Umaomiggec" {Wiz Str+3 SInv Stlth-} (You found it on level 6 of the Lair of Beasts)
 19148 | D:10     | Entered Level 10 of the Dungeon
 20279 | D:11     | Found a flickering gateway to a bazaar.
 20285 | Bazaar   | Entered a bazaar
 20298 | Bazaar   | Found Zigevo's Distillery.
 20298 | Bazaar   | Found Eraiqok's Gadget Emporium.
 20304 | Bazaar   | Bought a potion of mutation for 72 gold pieces
 20304 | Bazaar   | Bought a potion of might for 36 gold pieces
 20304 | Bazaar   | Bought 2 potions of heal wounds for 90 gold pieces
 20304 | Bazaar   | Bought a potion of might for 36 gold pieces
 20304 | Bazaar   | Bought a potion of berserk rage for 45 gold pieces
 20304 | Bazaar   | Bought a potion of berserk rage for 45 gold pieces
 20334 | Bazaar   | Found Raubb's Book Shoppe.
 20334 | Bazaar   | Found Feeqapt's Weapon Shoppe.
 20364 | Bazaar   | Bought a book of Transfigurations for 605 gold pieces
 20393 | D:11     | Learned a level 6 spell: Statue Form
 20487 | D:11     | Noticed Erolcha
 20529 | D:11     | Killed Erolcha
 20529 | D:11     | Reached skill level 1 in Earth Magic
 21228 | D:11     | Found a staircase to the Orcish Mines.
 21249 | Orc:1    | Entered Level 1 of the Orcish Mines
 21354 | Orc:1    | Found Meuvoubi's Food Boutique.
 21462 | Orc:1    | Found a roughly hewn altar of Beogh.
 21566 | Orc:2    | Entered Level 2 of the Orcish Mines
 21678 | Orc:2    | Noticed a stone giant
 21694 | Orc:2    | Killed a stone giant
 21712 | Orc:2    | Gained mutation: You cannot be stealthy. [Ru sacrifice]
 21712 | Orc:2    | Reached *** piety under Ru
 21998 | Orc:2    | Found a staircase to the Elven Halls.
 22902 | Orc:1    | Noticed Snorg
 22910 | Orc:1    | Killed Snorg
 23388 | Orc:2    | Paralysed by an orc sorcerer for 2 turns
 23417 | Orc:2    | Reached skill level 5 in Charms
 23503 | Orc:2    | Reached XP level 15. HP: 57/117 MP: 20/28
 24065 | Orc:2    | Found Yreh's Book Shoppe.
 24065 | Orc:2    | Found Awkimp's Distillery.
 24067 | Orc:2    | Found Ycetiset's Assorted Antiques.
 24067 | Orc:2    | Found Keytam's Magic Scroll Shop.
 24075 | Orc:2    | Bought a scroll of identify for 36 gold pieces
 24075 | Orc:2    | Bought a pair of twisted gloves for 171 gold pieces
 24075 | Orc:2    | Bought a scroll of identify for 36 gold pieces
 24075 | Orc:2    | Bought a potion of curing for 54 gold pieces
 24076 | Orc:2    | Bought a scroll of acquirement for 728 gold pieces
 24084 | Orc:2    | Identified the +4 pair of gloves of the Unstoppable Songs {rC++ Str+5} (You bought it in a shop on level 2 of the Orcish Mines)
 25571 | D:13     | Reached skill level 10 in Spellcasting
 26509 | D:14     | Reached skill level 5 in Earth Magic
 26531 | D:14     | Found a gate to the Vaults.
 26683 | D:14     | Noticed Sonja
 26720 | D:14     | Cast into level 1 of the Abyss (Sonja)
 26765 | Abyss:1  | Found a corrupted altar of Lugonu.
 26778 | Abyss:1  | Found a corrupted altar of Lugonu.
 26942 | Abyss:1  | Noticed a tentacled starspawn
 26944 | Abyss:1  | Noticed a tentacled starspawn
 26975 | Abyss:1  | HP: 5/117 [starcursed mass/accursed screaming (4)]
 26981 | Abyss:1  | Killed from afar by a starcursed mass

Skill      XL: |  1  2  3  4  5  6  7  8  9 10 11 12 13 14 15 |
---------------+----------------------------------------------+-----
Transmutations | 3 4 5 7 8 9 10 11 12 | 12.3
Poison Magic   | 2 |  2.1
Spellcasting   | 3 4 5 6 7 8 9 10 | 10.2
Ice Magic      | 1 3 4 5 |  5.0
Dodging        | 4 6 8 10 11 12 13 | 13.0
Unarmed Combat | 6 9 10 12 13 14 | 14.7
Fighting       | 3 5 7 8 9 10 | 10.4
Evocations     | 3 4 6 8 |  8.8
Charms         | 5 6 |  6.2
Earth Magic    | 3 5 |  5.4

Action                   |  1- 3 |  4- 6 |  7- 9 | 10-12 | 13-15 || total
-------------------------+-------+-------+-------+-------+-------++-------
Melee: Unarmed           |    86 |   152 |   270 |   439 |  1034 ||  1981
       Headbutt          |     9 |     7 |     1 |       |       ||    17
       Punch             |     2 |       |       |     5 |    23 ||    30
       Tailslap          |       |       |       |     1 |     8 ||     9
 Cast: Beastly Appendage |    14 |    19 |     2 |       |       ||    35
       Spider Form       |     3 |    21 |    14 |     3 |       ||    41
       Ice Form          |       |       |    17 |    46 |    34 ||    97
       Blade Hands       |       |       |       |     9 |    54 ||    63
       Hydra Form        |       |       |       |       |    42 ||    42
       Ozocubu's Armour  |       |       |       |       |    43 ||    43
Invok: Reject Sacrifices |       |       |       |     1 |     2 ||     3
       Sacrifice Love    |       |       |       |     1 |       ||     1
       Sacrifice Purity  |       |       |       |       |     1 ||     1
       Draw Out Power    |       |       |       |       |     2 ||     2
       Sacrifice Stealth |       |       |       |       |     1 ||     1
 Abil: End Transformatio |       |     2 |     2 |     4 |    14 ||    22
       Evoke Berserk Rag |       |       |       |       |     4 ||     4
  Use: Scroll            |     2 |     7 |     2 |    12 |    20 ||    43
       Potion            |       |       |     1 |     1 |     8 ||    10
 Stab: Sleeping          |       |     2 |     6 |     3 |       ||    11
       Petrified         |       |       |       |     5 |       ||     5
       Distracted        |       |       |       |     1 |     4 ||     5
       Invisible         |       |       |       |       |     4 ||     4
       Paralysed         |       |       |       |       |     1 ||     1
  Eat: Chunk             |     3 |    12 |    10 |    29 |    29 ||    83
       Bread ration      |       |       |     1 |       |     1 ||     2
       Royal jelly       |       |       |       |     2 |     2 ||     4
Armor: Robe              |    10 |     2 |     3 |       |       ||    15
       Skin              |     1 |     4 |    26 |    44 |    79 ||   154
       Steam dragon scal |       |       |       |     3 |    51 ||    54
Dodge: Dodged            |    57 |   115 |   139 |   276 |   651 ||  1238
